[Event "Rated Blitz game"]
[Site "?"]
[Date "2021.10.07"]
[Round "?"]
[White "GrandeGila"]
[Black "GSel"]
[Result "0-1"]
[ECO "C42"]
[WhiteElo "2552"]
[BlackElo "2450"]
[PlyCount "72"]
[EventDate "2021.??.??"]
[EventType "blitz"]
[TimeControl "300"]

1. e4 e5 2. Nf3 Nf6 3. Nxe5 d6 4. Nxf7 Kxf7 5. d4 Bg4 6. f3 Be6 7. Bd3 Be7 8.
O-O Rf8 9. Nd2 Kg8 10. f4 Bg4 11. Qe1 Nc6 12. c3 Kh8 13. Qg3 Bh5 14. e5 dxe5
15. fxe5 Nd5 16. Nf3 Qd7 17. Ng5 Rxf1+ 18. Kxf1 Rf8+ 19. Kg1 h6 20. e6 Qe8 21.
Nh3 Bd6 22. Qe1 Rf6 23. Bd2 Rxe6 24. Qh4 Bg6 25. Bc4 Nce7 26. Bxh6 Nf5 27.
Bxg7+ Kxg7 28. Qf2 Nfe3 29. Bxd5 Nxd5 30. Rf1 Ne3 31. Rc1 Ng4 32. Qh4 Nxh2 33.
Nf4 Re4 34. Nh5+ Bxh5 35. Qxh5 Qxh5 36. Re1 Rxe1+ {Normal} 0-1

[Event "Rated Blitz game"]
[Site "?"]
[Date "2021.10.07"]
[Round "?"]
[White "drawingchest"]
[Black "Restrano"]
[Result "0-1"]
[ECO "C42"]
[WhiteElo "2631"]
[BlackElo "2755"]
[PlyCount "42"]
[EventDate "2021.??.??"]
[EventType "blitz"]
[TimeControl "180"]

1. e4 e5 2. Nf3 Nf6 3. Nxe5 d6 4. Nxf7 Kxf7 5. d4 c5 6. Nc3 cxd4 7. Qxd4 Be6 8.
Bd3 Nc6 9. Qe3 d5 10. exd5 Nxd5 11. Nxd5 Qxd5 12. O-O Bd6 13. Re1 Rae8 14. Be4
Qe5 15. Qf3+ Qf6 16. Bxc6 bxc6 17. Qxc6 Bb8 18. Be3 Re7 19. c3 Rhe8 20. Bd4 Qh6
21. g3 Qh5 {Time forfeit} 0-1

[Event "Rated Blitz game"]
[Site "?"]
[Date "2021.10.06"]
[Round "?"]
[White "MarcinPol137"]
[Black "BMoyooo"]
[Result "1-0"]
[ECO "C42"]
[WhiteElo "2474"]
[BlackElo "2348"]
[PlyCount "117"]
[EventDate "2021.??.??"]
[EventType "blitz"]
[TimeControl "180+2"]

1. e4 e5 2. Nf3 Nf6 3. Nxe5 d6 4. Nxf7 Kxf7 5. d4 Be7 6. Nc3 Rf8 7. Bc4+ Be6 8.
Bxe6+ Kxe6 9. f4 Kf7 10. e5 dxe5 11. fxe5 Ne8 12. Qf3+ Kg8 13. Qxb7 Nd7 14. Be3
Nb6 15. Qc6 Bg5 16. Bf2 Bh4 17. g3 Bg5 18. Ne4 Kh8 19. O-O Bh6 20. c4 g6 21. e6
Rb8 22. Rad1 Nc8 23. b3 Ncd6 24. Nc5 Qe7 25. Rfe1 Nf6 26. Qa4 a5 27. Qxa5 Ra8
28. Qc3 Rxa2 29. d5 Raa8 30. Ne4 Ndxe4 31. Rxe4 Bg7 32. Qd3 Nxe4 33. Qxe4 Qd6
34. Qe1 Rfe8 35. b4 Qe7 36. c5 Ra2 37. Be3 Raa8 38. Bf4 Rad8 39. Qe4 Qf6 40.
Kg2 Qb2+ 41. Rd2 Qf6 42. Bxc7 Rc8 43. Bf4 Qe7 44. Re2 Rcd8 45. d6 Qa7 46. e7
Rd7 47. Be5 Rexe7 48. dxe7 Rxe7 49. Bxg7+ Rxg7 50. Qe8+ Rg8 51. Qe5+ Rg7 52. c6
Qa8 53. b5 Kg8 54. Qd5+ Rf7 55. Rf2 Qf8 56. c7 Kg7 57. Rxf7+ Qxf7 58. Qxf7+
Kxf7 59. c8=Q {Normal} 1-0

[Event "Rated Blitz game"]
[Site "?"]
[Date "2021.10.06"]
[Round "?"]
[White "gingerlover101"]
[Black "Ivanchuky"]
[Result "1-0"]
[ECO "C42"]
[WhiteElo "2362"]
[BlackElo "2432"]
[PlyCount "77"]
[EventDate "2021.??.??"]
[EventType "blitz"]
[TimeControl "180"]

1. e4 e5 2. Nf3 Nf6 3. Nxe5 d6 4. Nxf7 Kxf7 5. d4 Nc6 6. Bc4+ d5 7. exd5 Na5 8.
Bd3 Qxd5 9. O-O Nc6 10. Be3 Bd6 11. Nd2 Qh5 12. Bc4+ Be6 13. Qxh5+ Nxh5 14. d5
Na5 15. dxe6+ Kf6 16. Ne4+ Ke5 17. Nxd6 cxd6 18. Be2 Nf6 19. e7 Nc6 20. Rfe1
Nxe7 21. Bc4 Nc6 22. Bxa7+ Kf5 23. Bd3+ Kg5 24. Be3+ Kh5 25. Be2+ Kg6 26. Bc4
d5 27. Bb3 Rhe8 28. h3 Rad8 29. c3 Ne4 30. Rad1 Nf6 31. Bc2+ Kf7 32. Bg5 h6 33.
Bh4 g5 34. Bg3 Rxe1+ 35. Rxe1 d4 36. Bb3+ Kg6 37. Re6 dxc3 38. bxc3 Rd3 39. Bc2
{Normal} 1-0

[Event "Rated Blitz tournament AOalxkY2"]
[Site "?"]
[Date "2021.10.05"]
[Round "?"]
[White "H-Tiger"]
[Black "sumpor"]
[Result "1/2-1/2"]
[ECO "C42"]
[WhiteElo "2220"]
[BlackElo "2468"]
[PlyCount "110"]
[EventDate "2021.??.??"]
[EventType "blitz"]
[TimeControl "180"]

1. e4 e5 2. Nf3 Nf6 3. Nxe5 d6 4. Nxf7 Kxf7 5. d4 c5 6. Nc3 Nc6 7. Bc4+ Ke8 8.
d5 Nd4 9. O-O Be7 10. f4 Rf8 11. e5 Bg4 12. Qd2 Nd7 13. e6 Nf6 14. h3 Bf5 15.
g4 Bxc2 16. g5 Ne4 17. Qxc2 Nxc2 18. Bb5+ Qd7 19. Bxd7+ Kd8 20. Nxe4 Nxa1 21.
f5 Rg8 22. Kh1 Kc7 23. f6 gxf6 24. gxf6 Bxf6 25. Rxf6 Raf8 26. Ba4 Rxf6 27.
Nxf6 Rf8 28. e7 Rxf6 29. e8=N+ Kb6 30. Nxf6 Ka5 31. Bd1 h6 32. Ng4 h5 33. Nf6
h4 34. Ne8 Kb4 35. Nxd6 c4 36. Kg2 Kc5 37. Nf5 Kxd5 38. Nxh4 b5 39. Nf3 b4 40.
h4 c3 41. bxc3 bxc3 42. Bb3+ Ke4 43. h5 Kf5 44. h6 Kg6 45. Ne5+ Kh7 46. Nc6 a6
47. Nb8 a5 48. Nc6 Kg6 49. Nxa5 Kh7 50. Nc4 Kg6 51. Na3 Kh7 52. Nb5 Kg6 53.
Nxc3 Kh7 54. Bb2 Nc2 55. Bxc2+ Kh8 {Time forfeit} 1/2-1/2

[Event "Rated Blitz game"]
[Site "?"]
[Date "2021.10.05"]
[Round "?"]
[White "fkw007"]
[Black "Thpan1"]
[Result "0-1"]
[ECO "C42"]
[WhiteElo "2368"]
[BlackElo "2418"]
[PlyCount "28"]
[EventDate "2021.??.??"]
[EventType "blitz"]
[TimeControl "300"]

1. e4 e5 2. Nf3 Nf6 3. Nxe5 d6 4. Nxf7 Kxf7 5. Bc4+ d5 6. exd5 Bd6 7. O-O b5 8.
Bb3 a5 9. a4 Na6 10. axb5 Nc5 11. c4 Bxh2+ 12. Kxh2 Ng4+ 13. Kg3 Ne4+ 14. Kf4
Re8 {Normal} 0-1

[Event "Rated Blitz game"]
[Site "?"]
[Date "2021.10.04"]
[Round "?"]
[White "Rofachess"]
[Black "Sinwa18"]
[Result "1-0"]
[ECO "C42"]
[WhiteElo "2353"]
[BlackElo "2458"]
[PlyCount "53"]
[EventDate "2021.??.??"]
[EventType "blitz"]
[TimeControl "180"]

1. e4 e5 2. Nf3 Nf6 3. Nxe5 d6 4. Nxf7 Kxf7 5. Bc4+ d5 6. exd5 Bd6 7. O-O Re8
8. Bb3 c5 9. c4 Kg8 10. h3 Nbd7 11. d3 Ne5 12. Nc3 Bf5 13. Bc2 Bg6 14. Be3 b6
15. b3 Bc7 16. Qd2 Nh5 17. Rae1 Qd6 18. f4 Nf7 19. Ne4 Qd8 20. g4 Bxe4 21. dxe4
Ng3 22. Qg2 Nxf1 23. Rxf1 Qh4 24. Bf2 Qh6 25. Bg3 Rad8 26. Re1 b5 27. e5 {
Normal} 1-0

[Event "Rated Rapid game"]
[Site "?"]
[Date "2021.10.04"]
[Round "?"]
[White "j_lisbon"]
[Black "alexanderchua"]
[Result "1-0"]
[ECO "C42"]
[WhiteElo "2494"]
[BlackElo "2218"]
[PlyCount "73"]
[EventDate "2021.??.??"]
[EventType "rapid"]
[TimeControl "300+5"]

1. e4 e5 2. Nf3 Nf6 3. Nxe5 d6 4. Nxf7 Kxf7 5. d4 Be7 6. Bd3 Bg4 7. f3 Bd7 8.
O-O Rf8 9. Be3 Kg8 10. h3 Nh5 11. f4 Nf6 12. c4 Ne8 13. Nc3 c6 14. Qd2 Nc7 15.
f5 Bf6 16. Bc2 Nba6 17. Rae1 c5 18. dxc5 Nxc5 19. Qxd6 b6 20. Bxc5 bxc5 21.
Qxc5 Rb8 22. Bb3 Kh8 23. e5 Na6 24. Qxa7 Bh4 25. Rd1 Nc7 26. e6 Ra8 27. Qd4 Bc6
28. Qxd8 Rfxd8 29. Nd5 Ne8 30. Rf4 Bg3 31. Rg4 Be5 32. Rd2 Nf6 33. Rh4 h6 34.
Kf1 Rab8 35. Ke2 Kh7 36. Nxf6+ Bxf6 37. Rg4 {Time forfeit} 1-0

[Event "Rated Blitz game"]
[Site "?"]
[Date "2021.10.04"]
[Round "?"]
[White "GrandeGila"]
[Black "micfel"]
[Result "0-1"]
[ECO "C42"]
[WhiteElo "2532"]
[BlackElo "2466"]
[PlyCount "122"]
[EventDate "2021.??.??"]
[EventType "blitz"]
[TimeControl "180"]

1. e4 e5 2. Nf3 Nf6 3. Nxe5 d6 4. Nxf7 Kxf7 5. Bc4+ d5 6. exd5 Bd6 7. O-O Re8
8. d4 Kg8 9. Bb3 a5 10. c4 b6 11. Bg5 Kh8 12. Nc3 Bf5 13. Qf3 Bg6 14. Rfe1 Nbd7
15. Re6 Bf7 16. Re3 Rxe3 17. Qxe3 Qe8 18. Qf3 Bh5 19. Qd3 Qg6 20. Qd2 Re8 21.
Bc2 Qf7 22. h3 Bg6 23. Bd1 h6 24. Bh4 Bb4 25. f3 b5 26. b3 bxc4 27. bxc4 Nb6
28. a4 Nxc4 29. Qc1 Ne3 30. Bb3 Nf5 31. Bf2 Nd6 32. Nb5 Nxb5 33. axb5 Nxd5 34.
Qc6 Rd8 35. Rc1 Rd6 36. Qa8+ Qg8 37. Qb7 Bf7 38. Bxd5 Bxd5 39. Qxc7 Rg6 40. Qd7
Qf7 41. Rc8+ Kh7 42. Qxf7 Bxf7 43. Rc6 Be8 44. Rxg6 Kxg6 45. b6 Bc6 46. Kf1 a4
47. Ke2 a3 48. d5 Bxd5 49. Bd4 a2 50. Kd3 Be7 51. Kc2 Bf6 52. Bxf6 Kxf6 53. Kb2
Ke5 54. b7 Bxb7 55. Kxa2 Bd5+ 56. Kb2 Kf4 57. Kc3 Kg3 58. Kd4 Bb7 59. Ke3 Kxg2
60. h4 Bxf3 61. Kf4 Bh5 {Normal} 0-1

[Event "Rated Blitz game"]
[Site "?"]
[Date "2021.10.04"]
[Round "?"]
[White "popina123"]
[Black "vit2014"]
[Result "1-0"]
[ECO "C42"]
[WhiteElo "2573"]
[BlackElo "2455"]
[PlyCount "73"]
[EventDate "2021.??.??"]
[EventType "blitz"]
[TimeControl "300"]

1. e4 e5 2. Nf3 Nf6 3. Nxe5 d6 4. Nxf7 Kxf7 5. Nc3 Be7 6. Bc4+ Be6 7. Bxe6+
Kxe6 8. d4 Kf7 9. f4 Rf8 10. O-O Kg8 11. Qf3 c6 12. Be3 d5 13. e5 Ne4 14. Nxe4
dxe4 15. Qxe4 Qd5 16. Qd3 b5 17. c3 Nd7 18. b3 Nb6 19. Rac1 Rad8 20. c4 bxc4
21. bxc4 Qd7 22. f5 Ba3 23. Qxa3 Rxf5 24. Qd3 Rdf8 25. Rxf5 Rxf5 26. Rd1 Qe6
27. d5 cxd5 28. cxd5 Qxe5 29. Bxb6 axb6 30. d6 Rf8 31. Qb3+ Kh8 32. Qxb6 Qe2
33. Qb1 h5 34. d7 Qe3+ 35. Kh1 Rd8 36. Re1 Qg5 37. Re8+ {Normal} 1-0

[Event "Rated Blitz game"]
[Site "?"]
[Date "2021.10.03"]
[Round "?"]
[White "IldarSal"]
[Black "Mindworm"]
[Result "0-1"]
[ECO "C42"]
[WhiteElo "2531"]
[BlackElo "2376"]
[PlyCount "92"]
[EventDate "2021.??.??"]
[EventType "blitz"]
[TimeControl "180+2"]

1. e4 e5 2. Nf3 Nf6 3. Nxe5 d6 4. Nxf7 Kxf7 5. d4 c5 6. Bc4+ d5 7. exd5 cxd4 8.
Qxd4 Bb4+ 9. Nc3 Re8+ 10. Be3 Kg8 11. d6+ Be6 12. Bxe6+ Rxe6 13. Qxb4 Nc6 14.
Qxb7 Rxd6 15. O-O Rb8 16. Qa6 Rxb2 17. Qc4+ Kh8 18. Nb5 Ne5 19. Qc7 Rxb5 20.
Qxa7 Nc4 21. a4 Ra5 22. Qb7 Nxe3 23. fxe3 h6 24. c4 Rda6 25. Qb4 Qe8 26. Rfe1
Rxa4 27. Rxa4 Rxa4 28. Qb3 Qc6 29. Rc1 Ne4 30. Qd3 Nd6 31. c5 Ne4 32. h3 Nxc5
33. Qd8+ Kh7 34. Qf8 Ra2 35. Qf5+ Kg8 36. Qg4 Qd5 37. Rxc5 Ra1+ 38. Kh2 Qxc5
39. Qe6+ Kh8 40. Qe8+ Kh7 41. Qe4+ Kg8 42. Qe8+ Qf8 43. Qe6+ Kh8 44. Qe5 Ra8
45. e4 Qb8 46. Qxb8+ Rxb8 {Normal} 0-1

[Event "Rated Blitz game"]
[Site "?"]
[Date "2021.10.03"]
[Round "?"]
[White "Bizzo"]
[Black "monty82"]
[Result "0-1"]
[ECO "C42"]
[WhiteElo "2462"]
[BlackElo "2541"]
[PlyCount "53"]
[EventDate "2021.??.??"]
[EventType "blitz"]
[TimeControl "180+2"]

1. e4 e5 2. Nf3 Nf6 3. Nxe5 d6 4. Nxf7 Kxf7 5. Nc3 c5 6. Bc4+ Be6 7. Bxe6+ Kxe6
8. d3 Nc6 9. Be3 Kd7 10. f4 a6 11. Qf3 Kc7 12. O-O Rc8 13. g4 Kb8 14. g5 Nd7
15. a3 g6 16. Nd5 Bg7 17. c3 Nb6 18. b4 Nxd5 19. exd5 Ne7 20. bxc5 dxc5 21. c4
Nf5 22. Rae1 Nxe3 23. Rxe3 Bd4 24. Kg2 Bxe3 25. Qxe3 Re8 26. Qf3 Qe7 27. Rf2 {
Normal} 0-1

[Event "Rated Blitz game"]
[Site "?"]
[Date "2021.10.02"]
[Round "?"]
[White "whiteprocess"]
[Black "aeminovsensey1"]
[Result "0-1"]
[ECO "C42"]
[WhiteElo "2546"]
[BlackElo "2374"]
[PlyCount "74"]
[EventDate "2021.??.??"]
[EventType "blitz"]
[TimeControl "180"]

1. e4 e5 2. Nf3 Nf6 3. Nxe5 d6 4. Nxf7 Kxf7 5. Bc4+ Be6 6. Bxe6+ Kxe6 7. d4 Kf7
8. Nc3 g6 9. Bg5 Bg7 10. e5 dxe5 11. dxe5 Qxd1+ 12. Rxd1 Ng4 13. f4 Re8 14. Nd5
Na6 15. Nxc7 Nxc7 16. Rd7+ Kg8 17. Rxc7 Nxe5 18. O-O Nf7 19. Rxb7 Nxg5 20. fxg5
Rf8 21. Rxf8+ Bxf8 22. c3 Rc8 23. Kf1 Bc5 24. h4 Bb6 25. g4 Rc7 26. Rxc7 Bxc7
27. b4 Bg3 28. h5 Bf4 29. a4 Bxg5 30. c4 Kf7 31. c5 Ke6 32. b5 Kd7 33. a5 Bd2
34. a6 Be3 35. b6 Bxc5 36. b7 Bd6 37. Ke2 Kc6 {Normal} 0-1

[Event "Rated Blitz game"]
[Site "?"]
[Date "2021.10.02"]
[Round "?"]
[White "JuanGuara"]
[Black "Sjaakmatinone"]
[Result "1-0"]
[ECO "C42"]
[WhiteElo "2252"]
[BlackElo "2412"]
[PlyCount "91"]
[EventDate "2021.??.??"]
[EventType "blitz"]
[TimeControl "180"]

1. e4 e5 2. Nf3 Nf6 3. Nxe5 d6 4. Nxf7 Kxf7 5. Nc3 Be6 6. d4 d5 7. e5 Ne4 8.
Nxe4 dxe4 9. c4 c6 10. a3 Be7 11. Be2 Rf8 12. O-O Kg8 13. Be3 Bg5 14. Bg4 Bxg4
15. Qxg4 Bxe3 16. fxe3 Nd7 17. Qxe4 Qg5 18. g3 Nb6 19. b3 h5 20. Rf4 Rxf4 21.
exf4 Qg4 22. Kg2 Rd8 23. h3 Qe6 24. f5 Qh6 25. Rd1 a5 26. a4 Nc8 27. Qf4 Qxf4
28. gxf4 Kf7 29. Kf3 g6 30. fxg6+ Kxg6 31. Rg1+ Kh6 32. Ke4 Rf8 33. f5 Ne7 34.
f6 Ng6 35. Kf5 Nh4+ 36. Ke6 Nf3 37. Rd1 Rd8 38. d5 cxd5 39. cxd5 Ng5+ 40. Ke7
Rc8 41. d6 Rh8 42. f7 Rh7 43. e6 Nxe6 44. Kxe6 Kg6 45. Rg1+ Kh6 46. f8=Q+ {
Normal} 1-0

[Event "Rated Blitz tournament XMrwmFj0"]
[Site "?"]
[Date "2021.10.02"]
[Round "?"]
[White "Ksushka_LoveYou"]
[Black "sdmm"]
[Result "1-0"]
[ECO "C42"]
[WhiteElo "2558"]
[BlackElo "2214"]
[PlyCount "35"]
[EventDate "2021.??.??"]
[EventType "blitz"]
[TimeControl "180"]

1. e4 e5 2. Nf3 Nf6 3. Nxe5 d6 4. Nxf7 Kxf7 5. d4 Nc6 6. Nc3 Be7 7. Bc4+ Kf8 8.
O-O a6 9. f4 b5 10. Bb3 Ke8 11. e5 dxe5 12. d5 Nb4 13. fxe5 Ng4 14. d6 cxd6 15.
Bf7+ Kd7 16. Qxg4+ Kc7 17. Qxb4 dxe5 18. Qe4 {Normal} 1-0

[Event "Rated Blitz game"]
[Site "?"]
[Date "2021.10.02"]
[Round "?"]
[White "judineptune"]
[Black "BrodoBaggins"]
[Result "1-0"]
[ECO "C42"]
[WhiteElo "2505"]
[BlackElo "2476"]
[PlyCount "21"]
[EventDate "2021.??.??"]
[EventType "blitz"]
[TimeControl "180"]

1. e4 e5 2. Nf3 Nf6 3. Nxe5 d6 4. Nxf7 Kxf7 5. d4 c5 6. dxc5 Qa5+ 7. Nc3 dxc5
8. Bc4+ Be6 9. Bxe6+ Kxe6 10. e5 Ne4 11. Qd5+ {Normal} 1-0

[Event "Rated Blitz game"]
[Site "?"]
[Date "2021.10.01"]
[Round "?"]
[White "reda74"]
[Black "Janisi"]
[Result "1-0"]
[ECO "C42"]
[WhiteElo "2452"]
[BlackElo "2261"]
[PlyCount "125"]
[EventDate "2021.??.??"]
[EventType "blitz"]
[TimeControl "300"]

1. e4 e5 2. Nf3 Nf6 3. Nxe5 d6 4. Nxf7 Kxf7 5. Bc4+ Be6 6. Bxe6+ Kxe6 7. c3 Kd7
8. O-O Kc8 9. d4 Nbd7 10. Re1 h5 11. Bg5 Qe8 12. h4 Be7 13. Nd2 d5 14. exd5 Qf7
15. c4 Re8 16. Nf3 Ng4 17. Qd2 a5 18. Bxe7 Rxe7 19. Rxe7 Qxe7 20. Re1 Qf8 21.
Qg5 Ndf6 22. Qg6 Kb8 23. Ne5 Ka7 24. f3 Nh6 25. Qc2 Re8 26. Re3 Nf7 27. Qa4 Qb4
28. Qxb4 axb4 29. Kf2 Nd6 30. Rb3 Nf5 31. Rxb4 Nxd4 32. f4 Ng4+ 33. Kf1 Nxe5
34. fxe5 Rxe5 35. Ra4+ Kb8 36. Ra3 Nf5 37. g3 Ne3+ 38. Kf2 Nxc4 39. Rd3 Nb6 40.
d6 cxd6 41. Rxd6 g5 42. hxg5 Nc4 43. Rg6 Ne3 44. Rg8+ Kc7 45. g6 Ng4+ 46. Kf3
Rf5+ 47. Ke4 Rf2 48. Rg7+ Kc6 49. Rh7 Nf6+ 50. Ke3 Nxh7 51. Kxf2 Nf6 52. Ke3
Kd6 53. Kf4 Ke6 54. Kg5 b5 55. a3 Ne4+ 56. Kxh5 Kf6 57. g4 Nd6 58. Kh6 Ne8 59.
Kh7 Kg5 60. g7 Nxg7 61. Kxg7 Kxg4 62. Kf6 Kf3 63. Ke5 {Time forfeit} 1-0

[Event "Rated Blitz game"]
[Site "?"]
[Date "2021.10.01"]
[Round "?"]
[White "Beni_Hu"]
[Black "Korostelev"]
[Result "0-1"]
[ECO "C42"]
[WhiteElo "2340"]
[BlackElo "2407"]
[PlyCount "72"]
[EventDate "2021.??.??"]
[EventType "blitz"]
[TimeControl "300+3"]

1. e4 e5 2. Nf3 Nf6 3. Nxe5 d6 4. Nxf7 Kxf7 5. d4 c5 6. Nc3 cxd4 7. Qxd4 Nc6 8.
Bc4+ Be6 9. Bxe6+ Kxe6 10. Qc4+ Kd7 11. Bg5 Be7 12. O-O-O Qa5 13. f4 h6 14.
Bxf6 gxf6 15. Rd5 Qa6 16. Nb5 Rac8 17. Rhd1 Na5 18. Qd3 Rc6 19. e5 Kc8 20. exd6
Bd8 21. Qf5+ Kb8 22. Kb1 Nc4 23. Nc7 Qb6 24. Rb5 Rxd6 25. Re1 Qxc7 26. Rc5 Qd7
27. a3 Qxf5 28. Rxf5 Nb6 29. b4 Nc4 30. Rc5 Rc6 31. Rxc6 bxc6 32. Re6 Kb7 33.
Ka2 Kc7 34. Kb3 Nd6 35. c4 Nf5 36. c5 Nd4+ {Normal} 0-1

[Event "Rated Blitz game"]
[Site "?"]
[Date "2021.09.30"]
[Round "?"]
[White "tatamaco"]
[Black "Rockixe"]
[Result "1-0"]
[ECO "C42"]
[WhiteElo "2430"]
[BlackElo "2325"]
[PlyCount "55"]
[EventDate "2021.??.??"]
[EventType "blitz"]
[TimeControl "180+2"]

1. e4 e5 2. Nf3 Nf6 3. Nxe5 d6 4. Nxf7 Kxf7 5. d4 c5 6. Bc4+ Be6 7. d5 Bd7 8.
f3 Be7 9. a4 Rf8 10. O-O Kg8 11. Bd3 Nh5 12. g4 Nf6 13. c4 h6 14. Nc3 Nh7 15.
f4 Qc8 16. h3 h5 17. e5 dxe5 18. fxe5 Rxf1+ 19. Qxf1 hxg4 20. e6 Bxe6 21. dxe6
Qxe6 22. Nd5 Nc6 23. Bf5 Qe5 24. hxg4 Nd4 25. Bf4 Ne2+ 26. Kg2 Nxf4+ 27. Nxf4
Bd6 28. Be6+ {Normal} 1-0

[Event "Rated Blitz game"]
[Site "?"]
[Date "2021.09.30"]
[Round "?"]
[White "Pokedexx"]
[Black "topdawg13"]
[Result "0-1"]
[ECO "C42"]
[WhiteElo "2483"]
[BlackElo "2523"]
[PlyCount "56"]
[EventDate "2021.??.??"]
[EventType "blitz"]
[TimeControl "180"]

1. e4 e5 2. Nf3 Nf6 3. Nxe5 d6 4. Nxf7 Kxf7 5. Nc3 c5 6. Be2 Nc6 7. O-O Be6 8.
f4 Be7 9. g4 Rf8 10. g5 Ne8 11. h4 Kg8 12. f5 Bd7 13. d3 Nc7 14. Bg4 Ne5 15.
Be2 b5 16. Qe1 b4 17. Nd1 a5 18. Nf2 d5 19. Ng4 Nxg4 20. Bxg4 dxe4 21. dxe4 Bb5
22. Be2 Qd4+ 23. Kh2 Bd6+ 24. Bf4 Bxf4+ 25. Rxf4 Bxe2 26. Qxe2 Rae8 27. Re1 Qe5
28. Kg2 Qxf4 {Normal} 0-1

[Event "Rated Blitz game"]
[Site "?"]
[Date "2021.09.29"]
[Round "?"]
[White "Udar59"]
[Black "erwinbrouwern1g"]
[Result "0-1"]
[ECO "C42"]
[WhiteElo "2439"]
[BlackElo "2539"]
[PlyCount "68"]
[EventDate "2021.??.??"]
[EventType "blitz"]
[TimeControl "180"]

1. e4 e5 2. Nf3 Nf6 3. Nxe5 d6 4. Nxf7 Kxf7 5. d4 g6 6. c4 Nxe4 7. Bd3 Nf6 8.
O-O Nc6 9. Nc3 Nxd4 10. Bxg6+ hxg6 11. Qxd4 Bg7 12. Re1 c6 13. Bg5 Qd7 14. Ne4
Nxe4 15. Qxe4 Re8 16. Qf4+ Qf5 17. Rxe8 Qxf4 18. Bxf4 Kxe8 19. Bxd6 Be6 20. c5
Kf7 21. a3 Re8 22. h3 Bf5 23. g4 Be4 24. a4 Bxb2 25. Ra2 Bc3 26. f4 Bd5 27. Rc2
Bd4+ 28. Kf1 Re3 29. h4 Rh3 30. h5 gxh5 31. gxh5 Rxh5 32. Rd2 Rh1+ 33. Ke2 Rh2+
34. Kd1 Bb3+ {Normal} 0-1

[Event "Rated Blitz game"]
[Site "?"]
[Date "2021.09.29"]
[Round "?"]
[White "MuffinouBrownie"]
[Black "adnansendur"]
[Result "0-1"]
[ECO "C42"]
[WhiteElo "2497"]
[BlackElo "2475"]
[PlyCount "52"]
[EventDate "2021.??.??"]
[EventType "blitz"]
[TimeControl "180"]

1. e4 e5 2. Nf3 Nf6 3. Nxe5 d6 4. Nxf7 Kxf7 5. d4 Qe8 6. Nc3 c5 7. Bc4+ Be6 8.
Bxe6+ Qxe6 9. O-O cxd4 10. Qxd4 Nc6 11. Qa4 Be7 12. f4 a6 13. f5 Qe5 14. Qb3+
Kf8 15. Qxb7 Qc5+ 16. Kh1 Rb8 17. Qxa6 Ne5 18. Bf4 Neg4 19. Bg3 h5 20. h3 h4
21. Be1 Nh5 22. Qe2 Ngf6 23. Bxh4 Rxb2 24. Bxf6 Ng3+ 25. Kh2 Nxe2 26. Nxe2 Bxf6
{Normal} 0-1

[Event "Rated Blitz game"]
[Site "?"]
[Date "2021.09.29"]
[Round "?"]
[White "GreySharkfanclubbot"]
[Black "RobertMugabe"]
[Result "1/2-1/2"]
[ECO "C42"]
[WhiteElo "2471"]
[BlackElo "2313"]
[PlyCount "158"]
[EventDate "2021.??.??"]
[EventType "blitz"]
[TimeControl "180+2"]

1. e4 e5 2. Nf3 Nf6 3. Nxe5 d6 4. Nxf7 Kxf7 5. Bc4+ Be6 6. Bxe6+ Kxe6 7. O-O
Be7 8. d4 Kf7 9. Nc3 c6 10. f4 Rf8 11. e5 Nd5 12. Ne4 Kg8 13. c4 Nb6 14. exd6
Bf6 15. b3 N8d7 16. Rb1 Qe8 17. Qd3 Qh5 18. Bb2 Rae8 19. Rbe1 Bh4 20. g3 Bd8
21. Kg2 Qg6 22. Qf3 Nf6 23. Nc5 Nh5 24. f5 Rxe1 25. fxg6 Rxf3 26. gxh7+ Kxh7
27. Rxe1 Rf8 28. Nxb7 Bf6 29. Ba1 Nd7 30. d5 Bxa1 31. Rxa1 cxd5 32. c5 Rc8 33.
Rc1 Rc6 34. b4 a6 35. a4 Nhf6 36. b5 axb5 37. axb5 Rc8 38. c6 Rb8 39. cxd7 Nxd7
40. Rc7 Nf6 41. d7 d4 42. d8=Q Rxd8 43. Nxd8 d3 44. Rc1 Ne4 45. Rd1 Nc3 46.
Rxd3 Nxb5 47. Ne6 Kg6 48. Nf4+ Kf7 49. Rd5 Nc3 50. Re5 Kf6 51. h4 Kxe5 52. Kf3
Nb5 53. Kg4 Kf6 54. Nh5+ Kg6 55. Nf4+ Kf6 56. h5 Nc7 57. Kh4 Kf5 58. Ng6 Ne6
59. g4+ Kf6 60. Nh8 Ng5 61. Ng6 Nf3+ 62. Kg3 Ng5 63. Kf4 Ne6+ 64. Ke4 Ng5+ 65.
Kf4 Ne6+ 66. Kg3 Kg5 67. Ne5 Nd4 68. Nf3+ Nxf3 69. Kxf3 g6 70. hxg6 Kxg6 71.
Kf4 Kf6 72. g5+ Kg6 73. Kg4 Kg7 74. Kf5 Kf7 75. g6+ Kg7 76. Kg5 Kg8 77. Kf6 Kf8
78. g7+ Kg8 79. Ke6 Kxg7 {Normal} 1/2-1/2

[Event "Rated Blitz game"]
[Site "?"]
[Date "2021.09.29"]
[Round "?"]
[White "CarlsenCamacho"]
[Black "adnansendur"]
[Result "1-0"]
[ECO "C42"]
[WhiteElo "2443"]
[BlackElo "2462"]
[PlyCount "51"]
[EventDate "2021.??.??"]
[EventType "blitz"]
[TimeControl "180"]

1. e4 e5 2. Nf3 Nf6 3. Nxe5 d6 4. Nxf7 Kxf7 5. Bc4+ Be6 6. Bxe6+ Kxe6 7. d4 Kd7
8. Nc3 Qe8 9. O-O c6 10. e5 Nd5 11. Nxd5 cxd5 12. Bf4 Nc6 13. Re1 Qe6 14. exd6
Qf5 15. Bg3 Bxd6 16. c3 Rhe8 17. Qb3 Bxg3 18. hxg3 b6 19. c4 dxc4 20. Qxc4 Rac8
21. d5 Rxe1+ 22. Rxe1 Ne5 23. Qa4+ Kd6 24. Qxa7 Nd7 25. Qa4 Qxd5 26. Rd1 {
Normal} 1-0

[Event "Rated Blitz game"]
[Site "?"]
[Date "2021.09.29"]
[Round "?"]
[White "ilkernadi"]
[Black "addkimzy"]
[Result "1-0"]
[ECO "C42"]
[WhiteElo "2486"]
[BlackElo "2427"]
[PlyCount "107"]
[EventDate "2021.??.??"]
[EventType "blitz"]
[TimeControl "180"]

1. e4 e5 2. Nf3 Nf6 3. Nxe5 d6 4. Nxf7 Kxf7 5. d4 d5 6. e5 Ne4 7. Bd3 c5 8.
Bxe4 dxe4 9. d5 Be7 10. O-O Rf8 11. Nc3 Bf5 12. d6 Nc6 13. dxe7 Qxe7 14. Qd5+
Qe6 15. Qxc5 Qxe5 16. Qc4+ Qe6 17. Qxe6+ Kxe6 18. Re1 Nd4 19. Rd1 Nxc2 20. Rb1
Rad8 21. Bg5 Rd3 22. Rdc1 Nd4 23. Be3 Rd8 24. h3 a6 25. g4 Bg6 26. Kf1 Nf3 27.
Ke2 b5 28. a4 b4 29. Na2 a5 30. Rc5 R3d5 31. Rbc1 h5 32. Rxd5 Rxd5 33. Rc6+ Rd6
34. Rc5 Rd5 35. Rc6+ Rd6 36. Rxd6+ Kxd6 37. Nc1 Ne5 38. Nb3 Nc4 39. Bd4 Bf7 40.
Bxg7 Nxb2 41. Bxb2 Bxb3 42. gxh5 Bxa4 43. h6 e3 44. h7 exf2 45. Kxf2 Bb3 46.
h8=Q a4 47. Qe5+ Kc6 48. Qe4+ Kb5 49. Qe5+ Kc4 50. Qd4+ Kb5 51. Bc1 Bc4 52. Bd2
a3 53. Qd6 Ka4 54. Qxb4# {Normal} 1-0

[Event "Rated Blitz game"]
[Site "?"]
[Date "2021.09.29"]
[Round "?"]
[White "ReymonnRedynton"]
[Black "mufiks"]
[Result "1/2-1/2"]
[ECO "C42"]
[WhiteElo "2764"]
[BlackElo "2645"]
[PlyCount "64"]
[EventDate "2021.??.??"]
[EventType "blitz"]
[TimeControl "180"]

1. e4 e5 2. Nf3 Nf6 3. Nxe5 d6 4. Nxf7 Kxf7 5. d4 c5 6. Bc4+ d5 7. exd5 cxd4 8.
O-O Bd6 9. Qxd4 Nbd7 10. Nc3 Re8 11. Nb5 Ne5 12. Nxd6+ Qxd6 13. Bf4 Bf5 14.
Rfe1 Nfd7 15. Bb3 b5 16. a4 Kg6 17. axb5 Qf6 18. Qc3 Rac8 19. Qg3+ Kf7 20. Re2
Ng6 21. Be3 Qxb2 22. Ree1 Bxc2 23. Bxc2 Rxc2 24. Rxa7 Nge5 25. f4 Nd3 26. Rxd7+
Kg8 27. Rd1 Rxe3 28. Qxe3 Rxg2+ 29. Kf1 Rf2+ 30. Kg1 Rg2+ 31. Kf1 Rf2+ 32. Kg1
Rg2+ {Normal} 1/2-1/2

[Event "Rated Blitz game"]
[Site "?"]
[Date "2021.09.28"]
[Round "?"]
[White "EarthAndAshes"]
[Black "mkharin"]
[Result "1-0"]
[ECO "C42"]
[WhiteElo "2354"]
[BlackElo "2403"]
[PlyCount "47"]
[EventDate "2021.??.??"]
[EventType "blitz"]
[TimeControl "180"]

1. e4 e5 2. Nf3 Nf6 3. Nxe5 d6 4. Nxf7 Kxf7 5. d4 c5 6. Bc4+ Be6 7. Bxe6+ Kxe6
8. dxc5 Nc6 9. Bg5 dxc5 10. Qe2 Qd4 11. Bxf6 gxf6 12. Nc3 Qe5 13. O-O-O Be7 14.
Rd5 Qf4+ 15. Kb1 Kf7 16. g3 Qc7 17. Qh5+ Kg7 18. Rf5 Rhd8 19. Nd5 Qd6 20. g4
Nb4 21. g5 Nxd5 22. Qh6+ Kh8 23. g6 Nc3+ 24. bxc3 {Normal} 1-0